Map: 机械城 - 天梯版

Players

eGGz

  • Race: Zerg Zerg
  • League: Master

INnoVation - Winner!

  • Race: Terran Terran
  • League: Diamond

Event: WESG 2018 Grand Finals

VOD

Have the link to the VOD?

Description

Time

  • Played on: March 12, 2019, 4:36 a.m.
  • Length: 11:24

All games in this series

Show
View Real Time Build Order
Export as new Build Order

eGGz Zerg 

Build Orders: Hatch First 

Get SALT Encoding   

  12  0:01  Drone  
  13  0:12  Overlord  
  13  0:18  Drone  
  14  0:31  Drone x2  
  14  0:35  Drone  
  17  0:55  Hatchery  
  16  0:57  Drone  
  16  1:00  Drone  
  18  1:06  Extractor  
  17  1:16  Spawning Pool  
  16  1:19  Drone  
  16  1:22  Drone  
  18  1:31  Drone  
  19  1:43  Overlord  
  19  1:56  Drone  
  19  2:00  Drone  
  21  2:03  Queen  
  21  2:07  Queen, Zergling x2  
  26  2:10  Metabolic Boost  
  26  2:13  Zergling x2  
  27  2:19  Zergling x2  
  28  2:25  Drone  
  29  2:36  Drone  
  29  2:41  Drone  
  30  2:47  Drone  
  30  2:49  Lair  
  31  2:52  Overlord  
  31  2:55  Drone x2  
  33  2:58  Queen  
  33  3:02  Overlord  
  35  3:06  Drone  
  35  3:12  Drone  
  37  3:14  Drone  
  37  3:15  Drone  
  40  3:20  Drone x2  
  40  3:23  Spore Crawler  
  40  3:24  Drone  
  41  3:33  Drone  
  43  3:37  Drone  
  43  3:38  Extractor x2  
  42  3:43  Overlord  
  42  3:44  Zergling x2  
  42  3:45  Zergling x4  
  42  3:46  Zergling x2  
  46  3:55  Drone  
  46  3:56  Drone  
  46  4:01  Spire  
  47  4:07  Queen  
  47  4:08  Spine Crawler  
  48  4:14  Queen  
  48  4:15  Overlord  
  50  4:17  Drone  
  50  4:22  Drone  
  52  4:24  Overlord  
  52  4:33  Overlord  
  52  4:34  Zergling x4  
  54  4:39  Zergling x4  
  54  4:45  Drone x3  
  58  4:49  Extractor  
  58  4:52  Drone x2  
  59  5:10  Overlord  
  59  5:17  Mutalisk x6  
  68  5:24  Mutalisk  
  68  5:25  Zergling x2  
  65  5:36  Mutalisk  
  65  5:37  Zergling x2  
  65  5:38  Zergling x2  
  50  6:09  Zergling x6  
  42  6:30  Zergling x2  
  43  6:34  Zergling x2  
  44  6:41  Zergling x4  
  43  6:59  Zergling x8  
  47  7:07  Mutalisk  
  47  7:08  Zergling x4  
  47  7:09  Zergling x2  
  41  7:24  Zergling x12  
  43  7:36  Drone x2  
  40  7:45  Drone x2  
  42  7:51  Queen  
  42  7:56  Drone x2  
  46  8:02  Hatchery  
  46  8:03  Drone  
  41  8:14  Zergling x6  
  42  8:27  Drone x2  
  42  8:29  Drone x2  
  46  8:39  Overlord  
  46  8:40  Queen  
  46  8:45  Drone x3  
  46  8:46  Drone x3  
  52  8:49  Drone  
  53  9:08  Drone  
  53  9:12  Drone x2  
  53  9:13  Drone  
  53  9:16  Mutalisk  
  58  9:22  Zergling x6  
  61  9:26  Drone x3  
  64  9:32  Mutalisk  
  64  9:37  Mutalisk  
  67  9:41  Drone x2  
  67  9:45  Mutalisk  
  71  9:58  Mutalisk  
  71  9:59  Mutalisk  
  74  10:06  Overlord, Baneling Nest  
  73  10:15  Evolution Chamber  
  73  10:16  Evolution Chamber  
  73  10:18  Mutalisk  
  73  10:20  Overlord  
  72  10:29  Zergling x8  
  72  10:30  Zergling x10  
  81  10:37  Overlord x2  
  77  10:43  Zergling x8  
  77  10:49  Baneling x2  
  79  10:50  Baneling x6  
  79  10:51  Baneling  
  79  10:52  Zergling x4  
  79  10:53  Zergling x12  
Show
View Real Time Build Order
Export as new Build Order

INnoVation Terran - Winner!

Build Orders: Hellion Opening, Reaper Expand 

Get SALT Encoding   

  12  0:00  SCV  
  13  0:12  SCV  
  14  0:18  Supply Depot  
  14  0:25  SCV  
  15  0:39  SCV  
  15  0:41  Barracks  
  16  0:44  Refinery  
  16  0:51  SCV  
  17  1:03  SCV  
  18  1:16  SCV  
  19  1:27  Reaper  
  19  1:28  Orbital Command  
  20  1:42  Command Center  
  20  1:53  SCV  
  21  1:54  Supply Depot  
  21  1:59  Marine  
  22  2:05  SCV  
  23  2:10  Factory  
  23  2:18  SCV  
  23  2:21  Barracks Reactor  
  24  2:23  Refinery  
  24  2:30  SCV  
  25  2:42  SCV  
  26  2:54  Starport, SCV  
  26  2:55  Orbital Command  
  27  3:04  Hellion x2  
  31  3:06  SCV  
  31  3:07  Barracks Tech Lab  
  32  3:18  SCV  
  33  3:26  Hellion x2  
  37  3:27  SCV  
  37  3:30  SCV  
  37  3:31  Viking  
  42  3:34  Marauder  
  42  3:39  Supply Depot  
  42  3:43  Supply Depot  
  42  3:47  Hellion  
  44  3:50  Hellion  
  46  3:59  Armory  
  46  4:01  Medivac, Marauder  
  50  4:08  Hellion  
  52  4:12  Hellion, Concussive Shells  
  54  4:19  Supply Depot  
  54  4:22  Marauder  
  38  4:24  SCV x2, Liberator  
  58  4:40  Hellion x2  
  58  4:41  SCV  
  58  4:42  SCV  
  67  4:49  Supply Depot  
  67  4:54  SCV x2  
  69  5:04  Supply Depot  
  69  5:08  Stimpack, Marine  
  69  5:11  Hellion x2, SCV x2  
  72  5:24  SCV x2  
  72  5:26  Marine  
  73  5:37  SCV x2  
  67  5:44  Hellion x2  
  67  5:49  SCV x2  
  62  5:57  Viking x2  
  62  6:00  Marine  
  62  6:01  Widow Mine, SCV  
  63  6:10  SCV  
  58  6:13  SCV  
  54  6:22  Marine, SCV  
  54  6:23  Widow Mine  
  54  6:25  SCV  
  55  6:27  Viking x2  
  59  6:37  SCV x2  
  61  6:40  Marine  
  61  6:43  Command Center  
  62  6:53  SCV x2  
  60  6:57  Viking x2  
  60  6:58  Marine  
  60  6:59  Factory Tech Lab  
  64  7:06  SCV x2  
  64  7:09  Engineering Bay  
  64  7:13  Barracks  
  64  7:15  Barracks  
  59  7:16  Marine  
  59  7:18  SCV x2  
  59  7:24  Supply Depot  
  59  7:27  Viking x2  
  62  7:32  SCV x2  
  61  7:39  Combat Shield, Marine  
  61  7:44  SCV x2  
  62  7:55  Siege Tank  
  62  7:56  SCV x2  
  62  7:57  Marine  
  68  8:05  Refinery  
  68  8:06  Engineering Bay, Refinery  
  68  8:08  SCV  
  68  8:09  Barracks Reactor, SCV  
  68  8:11  Barracks, Barracks Reactor  
  68  8:12  Barracks  
  70  8:20  Orbital Command, SCV  
  70  8:21  SCV  
  70  8:24  Marine  
  73  8:33  SCV x2  
  73  8:36  Terran Infantry Weapons Level 1  
  73  8:41  Supply Depot  
  73  8:42  Marine  
  73  8:45  SCV x2  
  73  8:46  Siege Tank  
  77  8:48  Marine  
  77  8:49  Marine x3  
  77  8:51  Orbital Command  
  77  8:53  Terran Infantry Armor Level 1  
  81  8:57  SCV  
  81  8:58  Barracks Reactor, SCV  
  81  8:59  Marine  
  84  9:04  Barracks Reactor, Supply Depot  
  84  9:05  Supply Depot  
  84  9:08  Marine x2  
  84  9:09  Marine, SCV  
  88  9:10  SCV  
  89  9:17  SCV  
  89  9:22  SCV x2  
  89  9:23  Siege Tank  
  95  9:31  Marine  
  95  9:32  Marine x3  
  95  9:34  Medivac  
  95  9:35  Medivac  
  104  9:41  SCV  
  104  9:42  Refinery x2, SCV  
  105  9:45  SCV  
  106  9:54  Supply Depot  
  106  9:55  Supply Depot  
  106  9:58  Missile Turret  
  106  10:02  Marine  
  106  10:03  Marine x8  
  106  10:04  Medivac  
  106  10:05  Medivac  
  119  10:09  Missile Turret  
  119  10:16  Thor  
  125  10:22  Supply Depot  
  125  10:23  Marine x3  
  125  10:24  Marine, Supply Depot  
  125  10:25  Marine  
  125  10:26  Marine  
  125  10:28  Marine x2  
  131  10:32  Marine  
  134  10:40  Marine  
  134  10:41  Marine x2  
  137  10:50  Factory  
  137  10:52  Marine  
  137  10:55  Marine  
Tags
 
Add a new tag
Caveats
  • Supply blocks, unpowered buildings, or Contaminate may cause inaccurate times.
  • Supply counts are checked every 10 seconds.